AoeStats
← BladeY

Arabia

510273918Analyzed
1v1 RM · 11h ago on Sep 30, 2026· 64m 16s· 2 players
Game mode
Random Map
Map size
Tiny (2 player)
Population
200
Speed
Normal
Resources
Standard
Victory
Conquest
Starting age
Dark Age
Ending age
Imperial Age
RankedLock teamsTeams togetherTeam positionsShared explorationLock speedFull tech treeHidden civsTurbo modeCheats
Victory
Defeat
🇮🇳 Wu · India
1400
+17
🇮🇳 Wei · India
1417
-17
grilledc803
6:18 Loom
9:15 Feudal Age
10:28 Double-Bit Axe
11:12 Horse Collar
18:45 Castle Age
17:52 Gold Mining
19:27 Forging
19:17 Scale Mail Armor
19:14 Pikeman
19:56 Squires
20:40 Bow Saw
24:27 Wheelbarrow
23:58 Town Watch
27:24 Chain Mail Armor
30:40 Hand Cart
33:14 Gold Shaft Mining
32:29 Stone Mining
36:02 Imperial Age
35:10 Heavy Plow
36:32 Arson
37:24 Iron Casting
37:19 Plate Mail Armor
36:11 Halberdier
37:55 Two-Man Saw
39:22 Blast Furnace
38:13 Fletching
38:24 Padded Archer Armor
55:02 Conscription
64:25 Ballistics
63:45 Treadmill Crane
64:17 Masonry
BladeY
6:46 Loom
8:57 Feudal Age
9:30 Double-Bit Axe
10:00 Horse Collar
13:07 Horse Collar
18:49 Castle Age
17:05 Gold Mining
20:14 Bow Saw
19:54 Town Watch
22:14 Wheelbarrow
22:33 Gold Shaft Mining
22:29 Heavy Plow
27:25 Fletching
28:07 Hand Cart
28:55 Bodkin Arrow
29:50 Devotion
32:41 Scale Barding Armor
36:03 Imperial Age
34:49 Chain Barding Armor
34:39 Forging
36:14 Ballistics
37:20 Ming Guang Armor
37:25 Conscription
37:17 Bloodlines
37:07 Husbandry
37:59 Crop Rotation
39:17 Hoardings
39:23 Iron Casting
40:00 Chemistry
39:45 Bracer
42:07 Thumb Ring
44:42 Parthian Tactics
44:19 Padded Archer Armor
44:57 Masonry
44:42 Murder Holes
44:21 Elite Skirmisher
45:05 Light Cavalry
56:04 Tuntian
60:44 Scale Mail Armor
61:19 Iron Casting
60:12 Man-at-Arms
60:52 Squires
60:48 Long Swordsman
61:45 Chain Mail Armor
61:41 Two-Handed Swordsman
Connection lost

Rejoining the realm…

Still unreachable

The connection could not be restored.

Session expired

The server has moved on; the page needs a fresh start.